Map: Emerald City LE

Players

Throwfordays - Winner!

  • Race: Terran Terran
  • League: Silver
  • Spawn Location: 11:00

Faust - Winner!

  • Race: Zerg Zerg
  • League: Diamond
  • Spawn Location: 11:00

Salad

  • Race: Terran Terran
  • Spawn Location: 5:00

Tossed

  • Race: Zerg Zerg
  • League: Gold
  • Spawn Location: 5:00

VOD

Have the link to the VOD?

Description

Time

  • Played on: March 24, 2019, 10:14 p.m.
  • Length: 20:52
Show
View Real Time Build Order
Export as new Build Order

Throwfordays Terran - Winner!

Build Orders:  

Get SALT Encoding   

  12  0:01  SCV  
  13  0:13  SCV  
  14  0:23  Supply Depot  
  14  0:25  SCV  
  15  0:37  Refinery  
  15  0:46  Barracks  
  15  0:48  SCV  
  16  1:00  SCV  
  17  1:12  SCV  
  18  1:21  Refinery  
  18  1:25  SCV  
  19  1:42  Barracks Tech Lab  
  19  1:49  Barracks  
  19  1:54  SCV  
  20  2:02  Marine  
  21  2:09  Supply Depot  
  21  2:10  Command Center  
  21  2:11  SCV  
  22  2:19  Marine  
  23  2:31  Supply Depot  
  23  2:37  Marine, Supply Depot  
  24  2:53  Supply Depot  
  24  2:55  Barracks Reactor  
  24  3:00  SCV  
  24  3:04  Supply Depot  
  25  3:12  SCV  
  26  3:16  Stimpack  
  26  3:21  SCV  
  27  3:34  SCV  
  28  3:35  Supply Depot  
  28  3:36  Marine x3  
  31  3:46  SCV x2  
  31  3:48  Factory  
  33  3:53  Marine x2  
  33  3:54  Marine  
  36  3:58  SCV x2  
  36  4:00  Supply Depot  
  38  4:07  Supply Depot  
  38  4:10  SCV  
  39  4:22  SCV x2  
  41  4:31  Engineering Bay  
  41  4:34  SCV x2, Factory Tech Lab  
  43  4:39  Engineering Bay  
  43  4:46  SCV x2  
  45  4:58  SCV x2, Armory, Hellion  
  39  5:11  SCV  
  35  5:23  SCV  
  35  5:24  SCV  
  37  5:30  Refinery  
  37  5:35  SCV  
  38  5:36  SCV  
  39  5:47  SCV  
  39  5:48  SCV  
  41  5:56  Refinery  
  41  5:59  SCV  
  41  6:01  SCV  
  41  6:03  Hellion  
  45  6:05  Infernal Pre-Igniter  
  45  6:09  Terran Vehicle Weapons Level 1  
  45  6:10  Terran Infantry Weapons Level 1  
  45  6:11  SCV  
  45  6:13  SCV  
  47  6:23  SCV  
  47  6:25  SCV  
  49  6:28  Supply Depot  
  49  6:35  SCV  
  49  6:37  SCV  
  51  6:47  SCV  
  51  6:48  Hellion  
  54  6:54  Factory  
  54  6:59  Supply Depot, SCV  
  55  7:10  Terran Infantry Armor Level 1  
  55  7:12  SCV  
  56  7:19  Command Center  
  56  7:24  SCV x2  
  58  7:36  SCV x2  
  60  7:39  Smart Servos  
  60  7:41  Factory Reactor  
  60  7:48  SCV  
  61  7:59  Supply Depot  
  61  8:00  SCV  
  62  8:12  Marine x3  
  65  8:20  Hellion x3  
  65  8:21  Supply Depot  
  71  8:30  Marine x3  
  74  8:41  Hellion x2  
  74  8:42  Hellion  
  74  8:45  Planetary Fortress  
  74  8:48  Marine x3  
  83  8:59  Supply Depot  
  83  9:01  Supply Depot  
  85  9:03  Hellion  
  85  9:05  Marine, SCV  
  85  9:06  Marine x2  
  85  9:09  SCV  
  90  9:17  SCV, Starport  
  90  9:21  SCV  
  90  9:23  Marine x2  
  90  9:24  Marine  
  95  9:29  Refinery, SCV x2  
  97  9:33  Refinery, Supply Depot  
  97  9:34  SCV  
  97  9:35  Supply Depot  
  98  9:41  Marine x3, SCV x2  
  103  9:46  SCV  
  104  9:53  SCV x2  
  104  9:58  SCV  
  104  9:59  Marine x3, Supply Depot  
  110  10:01  Supply Depot  
  110  10:03  Terran Infantry Weapons Level 2  
  110  10:04  Terran Infantry Armor Level 2  
  110  10:05  SCV x2  
  110  10:06  Terran Vehicle Weapons Level 2  
  112  10:08  Starport Reactor  
  112  10:17  Marine x3, SCV  
  112  10:18  SCV  
  117  10:29  SCV  
  117  10:34  Marine  
  117  10:35  Marine x2  
  121  10:42  SCV  
  111  10:53  Marine  
  115  11:03  Medivac  
  115  11:04  Medivac  
  115  11:08  Marine  
  115  11:09  Marine  
  115  11:10  Marine, Combat Shield  
  118  11:15  Hellion x2  
  118  11:16  Hellion  
  124  11:26  Marine x2  
  124  11:28  Marine  
  127  11:33  Medivac  
  127  11:34  Medivac  
  127  11:37  Hellion x2  
  135  11:43  Supply Depot  
  135  11:44  Marine x2  
  135  11:45  Supply Depot  
  135  11:46  Marine  
  138  11:58  Command Center  
  138  12:02  Marine x2  
  138  12:03  Medivac x2  
  138  12:04  Marine  
  137  12:43  Starport  
  137  12:49  Hellion x3  
  143  12:52  Marine  
  143  12:54  Marine x2  
  143  12:57  Terran Infantry Armor Level 3, Terran Infantry Weapons Level 3  
  137  13:10  Marine, Hellion  
  137  13:11  Marine, Hellion x2  
  137  13:12  Marine  
  121  13:28  Marine  
  121  13:29  Marine x2  
  121  13:32  Hellion x3  
  130  13:35  Starport Tech Lab  
  130  13:45  Marine  
  130  13:47  Marine x2  
  133  13:53  Hellion x2  
  133  13:54  Hellion  
  133  14:03  Marine  
  133  14:05  Marine x2  
  137  14:13  Refinery  
  137  14:15  Hellion  
  137  14:16  Refinery  
  138  14:18  SCV  
  138  14:21  Marine, SCV  
  138  14:23  Marine x2  
  143  14:29  Raven  
  143  14:31  SCV, Liberator x2  
  149  14:33  SCV  
  149  14:34  Corvid Reactor  
  153  14:39  Marine  
  153  14:43  SCV  
  155  14:46  SCV  
  156  14:55  SCV  
  156  14:58  SCV  
  147  15:07  SCV  
  147  15:11  Raven  
  147  15:12  Marine x3  
  147  15:14  Liberator x2  
  156  15:21  Terran Vehicle Weapons Level 3  
  159  15:30  Marine x3  
  162  15:48  Marine x3  
  165  15:53  Rapid Reignition System  
  165  15:54  Medivac  
  165  15:56  Medivac  
  165  15:57  Medivac  
  171  16:05  Marine  
  171  16:06  Marine x2  
  156  17:04  Viking  
  156  17:05  Viking x2  
  137  17:30  Command Center  
  137  17:34  Viking  
  137  17:35  Viking x2  
  137  17:54  Marine x3  
  137  17:58  Terran Ship Weapons Level 1  
  140  18:04  Viking  
  140  18:05  Viking x2  
  146  18:12  Marine x3  
  149  18:28  SCV  
  149  18:29  Armory  
  149  18:30  Marine x3  
  149  18:32  SCV  
  154  18:34  Viking x2  
  154  18:35  Viking  
  154  18:40  SCV  
  161  18:44  SCV  
  161  18:48  Marine x3  
  164  18:52  SCV  
  166  18:56  SCV  
  167  19:04  SCV  
  167  19:05  Viking  
  167  19:06  Marine  
  167  19:08  SCV  
  170  19:20  SCV  
Show
View Real Time Build Order
Export as new Build Order

Faust Zerg - Winner!

Build Orders: Hatch First, Muta Ling Bane 

Get SALT Encoding   

  12  0:01  Drone  
  13  0:11  Drone  
  13  0:13  Extractor  
  13  0:16  Drone  
  15  0:23  Overlord  
  15  0:42  Drone x2  
  17  0:53  Hatchery  
  16  0:58  Drone  
  16  1:00  Extractor  
  16  1:03  Drone  
  17  1:17  Spawning Pool  
  16  1:19  Drone  
  16  1:22  Drone  
  18  1:29  Drone  
  19  1:38  Overlord  
  19  2:06  Queen  
  19  2:07  Queen  
  19  2:08  Metabolic Boost  
  23  2:09  Zergling x4  
  23  2:13  Drone  
  26  2:18  Drone  
  27  2:24  Drone  
  27  2:27  Overlord  
  28  2:40  Baneling Nest  
  28  2:41  Drone  
  28  2:42  Drone  
  29  2:48  Drone, Overlord  
  29  3:24  Spore Crawler  
  29  3:25  Zergling x12  
  29  3:26  Zergling x2  
  34  3:28  Lair  
  34  3:30  Drone  
  34  3:31  Drone x3  
  38  3:37  Spine Crawler  
  38  3:38  Drone x2  
  39  3:46  Drone  
  40  3:57  Overlord  
  40  3:59  Drone x5  
  45  4:04  Extractor, Drone  
  45  4:09  Drone  
  42  4:33  Drone  
  42  4:34  Drone x2  
  42  4:35  Zergling x12  
  42  4:37  Overlord  
  51  4:45  Baneling  
  50  4:47  Baneling  
  50  4:55  Baneling x5  
  48  5:18  Drone x2  
  48  5:19  Extractor, Drone x4  
  48  5:20  Extractor  
  52  5:27  Drone x3, Overlord x2  
  55  5:28  Hydralisk Den  
  55  5:29  Hatchery  
  53  5:45  Drone x5  
  53  5:46  Drone x2, Overlord  
  54  6:11  Drone x3  
  54  6:12  Zergling x6, Drone  
  54  6:13  Zergling x2  
  62  6:18  Spire  
  62  6:21  Drone  
  62  6:28  Drone x2  
  64  6:34  Drone  
  65  6:45  Drone  
  66  6:49  Spore Crawler, Centrifical Hooks  
  66  6:52  Queen, Drone x5  
  66  6:53  Overlord x2  
  72  6:55  Baneling  
  72  6:56  Baneling x2  
  72  6:57  Baneling x2  
  72  7:01  Drone x3  
  75  7:08  Extractor  
  75  7:10  Extractor  
  75  7:11  Drone x3  
  75  7:13  Drone x3  
  79  7:17  Overlord x2  
  79  7:22  Muscular Augments  
  79  7:23  Evolution Chamber  
  79  7:27  Evolution Chamber  
  77  7:39  Spore Crawler  
  77  7:41  Spore Crawler, Spine Crawler x2  
  69  8:10  Zerg Melee Weapons Level 1  
  69  8:11  Zergling x4, Zerg Ground Armor Level 1  
  69  8:12  Zergling x8  
  75  8:13  Zergling x8  
  79  8:33  Zerg Flyer Weapons Level 1, Grooved Spines  
  79  8:40  Mutalisk x11  
  79  8:41  Mutalisk  
  101  8:45  Baneling x2  
  103  8:52  Baneling  
  103  8:53  Baneling x4  
  103  9:06  Infestation Pit  
  102  9:26  Mutalisk  
  102  9:27  Mutalisk x5  
  102  9:29  Zergling x2  
  102  9:30  Zergling x20  
  120  10:09  Mutalisk x3  
  120  10:10  Mutalisk  
  120  10:11  Zergling x2  
  120  10:12  Overlord  
  120  10:13  Overlord x4  
  129  10:16  Zerg Melee Weapons Level 2  
  129  10:17  Zerg Ground Armor Level 2  
  129  10:27  Corruptor x2  
  123  10:29  Overlord x2  
  113  10:56  Mutalisk  
  113  10:57  Mutalisk x9  
  131  11:07  Zerg Flyer Weapons Level 2  
  131  11:09  Drone x2  
  131  11:10  Drone x3  
  135  11:11  Drone x3  
  135  11:12  Drone x2  
  136  11:37  Drone  
  137  11:41  Spore Crawler  
  137  11:43  Spore Crawler  
  137  11:45  Spore Crawler  
  137  11:46  Drone x4  
  138  11:47  Queen  
  138  11:48  Spore Crawler  
  132  12:23  Hatchery  
  132  12:24  Hive  
  103  12:48  Corruptor x2  
  103  12:49  Corruptor x4  
  107  12:52  Drone  
  107  12:53  Drone  
  107  12:54  Drone x6  
  115  13:02  Corruptor  
  115  13:03  Corruptor  
  117  13:31  Overlord  
  115  13:38  Queen  
  117  13:43  Drone  
  117  13:44  Drone x6  
  117  13:45  Drone x2  
  126  13:54  Overlord x2  
  126  13:55  Overlord  
  126  13:57  Pneumatized Carapace  
  126  13:59  Adrenal Glands  
  126  14:01  Zerg Ground Armor Level 3, Zerg Melee Weapons Level 3  
  126  14:05  Greater Spire  
  126  14:12  Baneling x2  
  126  14:13  Baneling x6  
  117  14:45  Corruptor x3  
  105  14:46  Corruptor x5  
  105  14:48  Drone x10  
  105  14:52  Extractor  
  125  14:53  Extractor, Queen  
  125  14:58  Overseer  
  126  15:14  Overlord x2  
  126  15:15  Overlord x3  
  126  15:21  Zerg Flyer Weapons Level 3  
  126  15:24  Spire  
  126  15:27  Overseer  
  125  15:33  Drone  
  125  15:34  Drone x10  
  136  15:45  Spine Crawler  
  136  15:46  Drone x4, Spine Crawler  
  136  15:47  Queen, Drone  
  141  15:50  Spore Crawler x2  
  141  15:55  Spore Crawler  
  141  15:56  Spore Crawler  
  137  16:07  Baneling x7  
  137  16:08  Zergling x2, Baneling x8  
  137  16:09  Zergling x34  
  98  17:00  Brood Lord  
  96  17:03  Brood Lord  
  96  17:04  Brood Lord  
  96  17:05  Brood Lord  
  102  17:13  Drone  
  102  17:14  Drone x12  
  115  17:23  Zerg Flyer Armor Level 1  
  115  17:27  Drone x2  
  115  17:28  Drone x4  
  121  17:38  Brood Lord  
  121  17:39  Brood Lord x2  
  121  17:40  Corruptor x5  
  137  17:51  Spore Crawler  
  136  17:52  Spore Crawler  
  136  17:53  Spore Crawler  
  136  17:56  Spore Crawler  
  136  17:57  Spore Crawler  
  132  18:02  Hatchery  
  132  18:04  Extractor, Drone x2  
  132  18:05  Drone x3  
  135  18:08  Extractor  
  135  18:09  Zergling x2  
  135  18:10  Zergling x4  
  137  18:24  Extractor, Hatchery  
  135  18:30  Drone x3  
  135  18:32  Drone x2  
  135  18:33  Drone x3  
  135  18:34  Drone  
  132  19:08  Corruptor x3, Brood Lord  
  132  19:09  Corruptor x3  
  146  19:10  Zergling x2  
  135  19:32  Zergling x2  
  135  19:33  Zergling x16  
  144  19:39  Brood Lord  
  144  19:45  Drone x2  
  147  19:46  Drone  
  147  20:28  Hatchery  
Show
View Real Time Build Order
Export as new Build Order

Salad Terran 

Build Orders: 2 Factory 

Get SALT Encoding   

  12  0:01  SCV  
  13  0:13  SCV  
  14  0:25  SCV  
  15  0:34  Supply Depot  
  15  0:51  Refinery  
  15  0:54  Refinery  
  15  0:56  SCV  
  16  1:02  Barracks  
  16  1:08  SCV  
  17  1:20  SCV  
  18  1:32  SCV  
  19  1:37  Supply Depot  
  19  1:44  SCV  
  20  1:55  Factory  
  20  1:56  SCV  
  20  1:57  Marine  
  20  1:59  Supply Depot  
  23  2:08  SCV  
  23  2:18  Marine  
  23  2:20  SCV  
  25  2:30  Factory  
  25  2:32  SCV  
  26  2:41  Supply Depot  
  26  2:44  SCV, Widow Mine  
  28  2:47  Marine  
  30  2:57  SCV  
  31  3:05  Widow Mine  
  33  3:09  SCV  
  33  3:10  Starport  
  34  3:13  Barracks Tech Lab  
  33  3:41  Orbital Command  
  33  3:42  Command Center  
  33  3:46  Factory Tech Lab  
  33  3:53  Combat Shield  
  33  3:56  Factory Tech Lab  
  33  4:10  Siege Tank  
  28  4:39  Marine  
  29  4:57  Marine  
  30  5:03  Siege Tank x2  
  36  5:15  Marine  
  36  5:18  SCV x2  
  39  5:30  SCV x2  
  39  5:33  Marine  
  42  5:35  Siege Tank  
  42  5:36  Siege Tank  
  42  5:42  SCV  
  49  5:51  Marine  
  50  5:57  Starport  
  50  5:58  Starport  
  50  6:00  Armory  
  47  6:17  Orbital Command  
  47  6:20  SCV  
  48  6:30  Refinery  
  48  6:33  SCV  
  48  6:35  Refinery  
  48  6:36  Siege Tank x2  
  55  6:42  Starport Tech Lab  
  55  6:43  Starport Tech Lab  
  55  6:45  SCV  
  56  6:57  SCV  
  57  7:03  SCV  
  58  7:09  SCV  
  58  7:11  Fusion Core  
  58  7:13  Marine  
  60  7:15  SCV  
  60  7:21  SCV  
  62  7:24  Supply Depot  
  62  7:27  Supply Depot  
  62  7:32  Supply Depot  
  62  7:46  Marine, SCV x2, Hellion x2  
  69  7:58  SCV x2  
  71  7:59  Battlecruiser  
  71  8:01  Battlecruiser  
  71  8:03  Marine  
  84  8:08  Hellion  
  86  8:18  Supply Depot  
  86  8:40  Marine, SCV, Hellion x2  
  92  8:42  Supply Depot  
  92  8:47  Engineering Bay  
  92  8:49  Terran Vehicle And Ship Armor Level 1  
  92  8:50  Engineering Bay  
  92  8:57  Marine  
  93  9:04  Hellion  
  93  9:06  Supply Depot  
  95  9:11  Command Center  
  95  9:13  Battlecruiser  
  101  9:18  Starport Tech Lab  
  101  9:27  Supply Depot  
  101  9:28  Supply Depot x2, Battlecruiser  
  101  9:29  Supply Depot  
  107  9:32  Supply Depot  
  107  9:35  Refinery  
  105  9:40  Refinery  
  103  9:49  Weapon Refit  
  103  10:04  Battlecruiser  
  109  10:43  Terran Ship Weapons Level 1  
  103  11:05  Battlecruiser x2  
  109  11:12  Thor  
  115  11:21  Orbital Command  
  115  11:24  SCV x2  
  117  11:36  SCV x2  
  117  11:38  Battlecruiser  
  125  11:48  SCV x2  
  119  12:00  SCV x2  
  121  12:12  SCV x2  
  91  13:03  Battlecruiser x3  
  91  13:34  Thor  
  79  13:35  Thor  
  91  13:45  SCV  
  92  13:57  SCV  
  93  14:07  Battlecruiser  
  93  14:09  SCV  
  100  14:13  Terran Vehicle And Ship Armor Level 2  
  100  14:17  Thor  
  100  14:19  Marine  
  100  14:21  SCV  
  108  14:33  SCV  
  108  14:37  Marine  
  110  14:55  Marine  
  99  15:12  Marine  
  100  15:26  Battlecruiser x3  
  112  15:30  Marine  
  112  15:32  Thor  
  119  15:48  Marine  
  120  15:59  Thor  
  126  16:06  Marine  
  127  16:12  Command Center  
  127  16:13  Refinery  
  127  16:14  Refinery, Barracks  
  127  16:15  Thor, Barracks  
  133  16:20  Barracks  
  133  16:24  Marine  
  134  16:28  Terran Ship Weapons Level 2  
  134  16:30  Battlecruiser  
  140  16:40  Engineering Bay  
  140  16:41  Engineering Bay  
  140  17:05  Barracks x2  
  116  17:20  Barracks Reactor  
  116  17:21  Barracks Reactor x2  
  116  17:25  Battlecruiser  
  116  17:29  Battlecruiser  
  128  17:36  SCV  
  129  17:48  SCV  
  130  18:00  SCV  
  130  18:04  Barracks Tech Lab  
  131  18:08  Marine x7  
  131  18:10  Barracks Tech Lab  
  131  18:11  Terran Infantry Armor Level 1, Terran Infantry Weapons Level 1  
  139  18:12  SCV  
  139  18:24  SCV  
  139  18:25  Marine  
  139  18:26  Marine x6  
  147  18:29  Thor  
  154  18:43  Marine  
  154  18:44  Marine x6  
  152  19:01  Marine  
  152  19:02  Marine x6  
  155  19:19  Marine  
  137  19:31  Marine x8  
  114  19:34  Concussive Shells  
  114  19:37  Marine  
  108  19:39  Battlecruiser  
  108  19:40  Battlecruiser  
  116  19:48  Marine  
  116  19:49  Marine x7  
  116  19:55  Marine  
  117  20:06  Marine  
  118  20:07  Marine x7  
  118  20:13  Marine  
  120  20:24  Marine x2  
  120  20:25  Marine x6  
  122  20:31  Marine  
Show
View Real Time Build Order
Export as new Build Order

Tossed Zerg 

Build Orders: Hatch First 

Get SALT Encoding   

  12  0:01  Drone  
  13  0:31  Hatchery  
  12  0:39  Overlord  
  12  0:45  Drone  
  12  0:48  Drone  
  14  0:52  Extractor  
  14  0:55  Extractor  
  14  0:56  Drone  
  13  1:02  Drone  
  14  1:15  Drone  
  15  1:24  Drone  
  16  1:36  Evolution Chamber  
  16  1:39  Drone  
  16  1:40  Spawning Pool  
  15  1:50  Drone  
  16  1:56  Drone x2  
  16  1:59  Drone  
  19  2:07  Drone  
  20  2:10  Drone  
  21  2:27  Lair  
  21  2:31  Metabolic Boost  
  21  2:41  Zerg Melee Weapons Level 1  
  21  2:43  Drone  
  22  2:44  Drone  
  22  2:48  Drone  
  22  2:50  Drone  
  25  2:53  Drone  
  25  2:56  Drone  
  27  3:02  Drone  
  28  3:05  Overlord  
  28  3:10  Overlord  
  28  3:21  Overlord  
  28  3:25  Queen  
  30  3:35  Nydus Network  
  30  3:38  Zergling x2  
  30  3:39  Zergling x6  
  30  3:40  Zergling x2  
  34  3:56  Zergling x6  
  34  3:59  Queen  
  34  4:02  Zergling x2  
  40  4:09  Zergling x2  
  41  4:33  Nydus Canal  
  39  4:46  Zergling x8  
  39  4:47  Zergling x10  
  48  4:59  Zergling x2  
  49  5:00  Zergling x2  
  38  5:17  Drone x2  
  40  5:31  Drone  
  40  5:32  Drone x3  
  44  5:42  Zerg Ground Armor Level 1  
  44  5:44  Hatchery  
  44  5:49  Zergling x4  
  45  5:54  Hatchery  
  44  5:57  Hydralisk Den  
  42  6:13  Zergling x2  
  42  6:14  Zergling x12  
  42  6:15  Zergling x4  
  51  6:19  Overlord  
  51  6:20  Overlord  
  51  6:36  Extractor  
  50  6:45  Hydralisk x4  
  58  6:49  Extractor  
  58  6:51  Extractor  
  58  6:53  Extractor  
  55  6:58  Zergling x14  
  55  6:59  Zergling x2  
  63  7:07  Drone x5  
  68  7:09  Drone  
  68  7:12  Queen  
  68  7:15  Queen  
  73  7:26  Drone  
  73  7:27  Evolution Chamber  
  73  7:29  Drone  
  74  7:31  Evolution Chamber  
  74  7:37  Zerg Missile Weapons Level 1  
  73  7:39  Drone x3  
  73  7:43  Drone  
  77  7:47  Queen  
  67  8:10  Hydralisk x3  
  67  8:11  Hydralisk x3  
  79  8:20  Infestation Pit  
  79  8:23  Lurker Den  
  79  8:24  Drone  
  79  8:25  Drone  
  79  8:38  Drone  
  80  8:41  Overlord x3  
  80  9:03  Drone x5  
  80  9:04  Drone x6  
  80  9:05  Drone  
  92  9:18  Overlord x3  
  92  9:28  Zerg Ground Armor Level 2  
  92  9:39  Hydralisk x3  
  92  9:59  Spore Crawler  
  88  10:05  Spore Crawler x2  
  88  10:06  Spore Crawler  
  82  10:07  Spore Crawler  
  82  10:09  Hydralisk  
  82  10:10  Hydralisk x3  
  81  10:20  Muscular Augments  
  75  10:31  Drone  
  75  10:32  Drone x3  
  79  10:38  Drone  
  79  10:39  Drone  
  81  10:59  Drone  
  81  11:00  Drone x5  
  87  11:07  Hydralisk  
  89  11:13  Zerg Missile Weapons Level 2  
  86  11:30  Hydralisk x2  
  86  11:31  Hydralisk x2  
  83  11:49  Drone x4  
  83  11:50  Drone x4  
  91  11:55  Hydralisk  
  91  11:56  Hydralisk  
  91  11:59  Lurker  
  91  12:00  Lurker x2  
  98  12:06  Hydralisk  
  98  12:43  Hydralisk x5  
  98  12:44  Hydralisk x6  
  120  13:03  Overlord x5  
  120  13:04  Overlord x4  
  120  13:21  Drone x4  
  120  13:22  Drone x5  
  120  13:23  Drone x3  
  132  13:31  Hydralisk x2  
  136  13:41  Hydralisk x4  
  135  14:01  Drone x4  
  135  14:02  Drone x5  
  144  14:12  Hive  
  144  14:13  Hydralisk x3  
  144  14:14  Hydralisk  
  152  14:21  Zerg Melee Weapons Level 2  
  144  14:35  Spore Crawler  
  144  14:37  Spore Crawler  
  140  14:48  Spore Crawler x2  
  140  14:51  Hydralisk x2  
  140  14:52  Spore Crawler, Hydralisk x3  
  147  14:54  Spore Crawler  
  146  15:02  Spore Crawler  
  146  15:04  Spore Crawler  
  146  15:05  Grooved Spines  
  144  15:10  Hydralisk x2  
  148  15:31  Hydralisk x4  
  148  15:32  Hydralisk x2  
  52  17:11  Hydralisk x3  
  52  17:12  Hydralisk x6  
  52  17:13  Hydralisk x6  
  52  17:14  Hydralisk x2  
  86  17:35  Drone x3  
  86  17:36  Drone x4  
  87  17:54  Hydralisk x3  
  93  18:12  Hydralisk x3  
  97  18:18  Drone  
  97  18:19  Drone  
  45  19:32  Hydralisk x3  
  45  19:33  Hydralisk x6  
  45  19:34  Hydralisk x3  
  67  19:38  Pneumatized Carapace  
  67  19:44  Hydralisk x2  
  71  19:55  Hydralisk x3  
  71  19:56  Hydralisk x3  
  77  20:15  Lurker  
  77  20:16  Lurker  
  77  20:18  Zergling x6  
  77  20:19  Zergling x10  
Tags
 
Add a new tag
Caveats
  • Supply blocks, unpowered buildings, or Contaminate may cause inaccurate times.
  • Supply counts are checked every 10 seconds.